[Event "*** Titled Tuesday Blitz"]
[Site "Chess.com"]
[Date "2018.06.05"]
[Round "8"]
[White "FMJoseHerrera"]
[Black "Tash_Boy"]
[Result "0-1"]
[WhiteElo "2458"]
[BlackElo "2686"]
[TimeControl "180+2"]
[EndTime "14:52:01 PDT"]
[Termination "Tash_Boy won by resignation"]

1. Nf3 Nf6 2. g3 g6 3. Bg2 Bg7 4. O-O O-O 5. d3 d6 6. c3 e5 7. a3 a5 8. Bg5 Nc6 9. Qc1 a4 10.
Qc2 Be6 11. Nbd2 Qd7 12. Rfe1 h6 13. Be3 Ng4 14. Nf1 f5 15. Bc1 f4 16. gxf4 exf4 17. d4 d5 18. Qxg6 Ne7 19. Qh5 Nf6 20. Qh4 Ng6 21. Ne5 Nxh4 22. Nxd7 Nxd7 23. Bxf4 Rxf4 0-1

[Event "*** Titled Tuesday Blitz"]
[Site "Chess.com"]
[Date "2018.06.05"]
[Round "8"]
[White "IMAghasiyevKamal"]
[Black "maciek_92"]
[Result "0-1"]
[WhiteElo "2478"]
[BlackElo "2619"]
[TimeControl "180+2"]
[EndTime "14:52:04 PDT"]
[Termination "maciek_92 won by resignation"]

1. e4 c5 2. Nf3 Nc6 3. d4 cxd4 4. Nxd4 e6 5. Nc3 a6 6. Nxc6 bxc6 7. Bd3 d5 8. O-O Nf6 9. Re1 Bb7 10. Qf3 Be7 11. Qg3 O-O 12. Bh6 Ne8 13. Bf4 Nd6 14.
exd5 cxd5 15. Be5 g6 16. Qf4 f6 17. Qh6 Nf7 18. Qh3 fxe5 19. Qxe6 Qd6 20. Qg4 e4 21. Bf1 Ne5 0-1

[Event "*** Titled Tuesday Blitz"]
[Site "Chess.com"]
[Date "2018.06.05"]
[Round "8"]
[White "PaulfromSPb"]
[Black "aa175"]
[Result "0-1"]
[WhiteElo "2409"]
[BlackElo "1906"]
[TimeControl "180+2"]
[EndTime "14:52:11 PDT"]
[Termination "aa175 won by checkmate"]

1. e4 e5 2. Nf3 Nc6 3. Bc4 Bc5 4. O-O d6 5. c3 Nf6 6. d4 Bb6 7. Bg5 h6 8. dxe5 hxg5 9. exf6 Qxf6 10. e5 Nxe5 11.
Nxe5 dxe5 12. Nd2 g4 13. Ne4 Qh4 14. h3 gxh3 15. Qf3 f6 16. g3 Bg4 17. Nd6+ cxd6 18.
Qxb7 Qxg3+ 19. Kh1 Bf3+ 20. Qxf3 Qxf3+ 21. Kh2 Qg2# 0-1

[Event "*** Titled Tuesday Blitz"]
[Site "Chess.com"]
[Date "2018.06.05"]
[Round "8"]
[White "Karina_Oparina"]
[Black "Vusatiuk_Vladimir"]
[Result "1-0"]
[WhiteElo "2195"]
[BlackElo "2168"]
[TimeControl "180+2"]
[EndTime "14:52:13 PDT"]
[Termination "Karina_Oparina won by resignation"]

1. Nf3 d5 2. g3 Nf6 3. Bg2 Bg4 4. O-O Nbd7 5. h3 Bh5 6. d4 e6 7. c4 c5 8. cxd5 exd5 9. Nc3 Rc8 10. Bg5 Be7 11.
Ne5 cxd4 12. Qxd4 Nxe5 13. Qxe5 O-O 14. Bxf6 Bxf6 15. Qxh5 d4 16. Ne4 Be7 17. Rac1 f5 18. Nd2 Qa5 19. Nb3 Qxa2 20. Rxc8 Rxc8 21. Qxf5 Re8 22.
Qe6+ Kh8 23. Qf7 Rb8 24. Bd5 Bf6 25. Nxd4 Qxb2 26. Ne6 a5 27. Nf8 1-0

[Event "*** Titled Tuesday Blitz"]
[Site "Chess.com"]
[Date "2018.06.05"]
[Round "8"]
[White "Shaman91"]
[Black "FranklinAPalomo"]
[Result "1-0"]
[WhiteElo "2558"]
[BlackElo "2342"]
[TimeControl "180+2"]
[EndTime "14:52:24 PDT"]
[Termination "Shaman91 won by resignation"]

1. e4 c5 2. Nc3 a6 3. Nge2 e6 4. d4 cxd4 5. Nxd4 Qc7 6. Qf3 Nf6 7. Bg5 Nc6 8. Nxc6 bxc6 9. O-O-O Rb8 10. Qg3 Qxg3 11.
hxg3 d5 12. Bd3 Be7 13. f3 h6 14. Bf4 Ra8 15. g4 Rg8 16. Rhe1 Nd7 17. exd5 cxd5 18. Nxd5 Ra7 19. Nxe7 Kxe7 20. Bh7 Rd8 21. Bd6+ Ke8 22. Rxe6+ 1-0

[Event "*** Titled Tuesday Blitz"]
[Site "Chess.com"]
[Date "2018.06.05"]
[Round "8"]
[White "GameOverBro"]
[Black "GMCanty"]
[Result "1-0"]
[WhiteElo "2379"]
[BlackElo "2198"]
[TimeControl "180+2"]
[EndTime "14:52:24 PDT"]
[Termination "GameOverBro won by resignation"]

1. e4 c5 2. Ne2 g6 3. d4 cxd4 4. Nxd4 Nc6 5. Nc3 Bg7 6. Nde2 d6 7. g3 Nf6 8. Bg2 O-O 9. O-O Be6 10. a4 Rc8 11.
Nd5 Bxd5 12. exd5 Nb4 13. c3 Na6 14. Be3 b6 15. Bd4 Qd7 16. b3 Ng4 17. c4 Nc5 18. h3 Ne5 19. f4 Ned3 20. Bxg7 Kxg7 21. Nd4 e5 22. Nc6 exf4 23. gxf4 Nxf4 24. Rxf4 1-0

[Event "*** Titled Tuesday Blitz"]
[Site "Chess.com"]
[Date "2018.06.05"]
[Round "8"]
[White "florianschwabeneder"]
[Black "nubair1198"]
[Result "0-1"]
[WhiteElo "2379"]
[BlackElo "2537"]
[TimeControl "180+2"]
[EndTime "14:52:25 PDT"]
[Termination "nubair1198 won by resignation"]

1. e4 c6 2. d4 d5 3. exd5 cxd5 4. Nf3 Nc6 5. Ne5 Nf6 6. Bb5 Bd7 7. Nxd7 Qxd7 8. c3 e6 9. O-O Bd6 10. Nd2 O-O 11. Nf3 Ne4 12. g3 a6 13. Bd3 f5 14.
Nh4 Rf6 15. f3 Nxg3 16. hxg3 Bxg3 17. Ng2 f4 18. Qc2 e5 19. dxe5 Nxe5 20. Rd1 Qh3 0-1

[Event "*** Titled Tuesday Blitz"]
[Site "Chess.com"]
[Date "2018.06.05"]
[Round "8"]
[White "Robert_Chessmood"]
[Black "Iball95"]
[Result "1-0"]
[WhiteElo "2726"]
[BlackElo "2559"]
[TimeControl "180+2"]
[EndTime "14:52:44 PDT"]
[Termination "Robert_Chessmood won by resignation"]

1. e4 c5 2. Nf3 Nc6 3. d4 cxd4 4. Nxd4 g6 5. c4 Nf6 6. Nc3 d6 7. Be2 Nxd4 8. Qxd4 Bg7 9. Be3 O-O 10. Qd3 Be6 11.
Bd4 Qa5 12. O-O Rfc8 13. Nd5 Nxd5 14. exd5 Bf5 15. Qe3 Bxd4 16. Qxd4 Qc5 17. Qd2 a5 18. Rfe1 e5 19. dxe6 Bxe6 20. Rac1 d5 21. cxd5 Qxd5 22.
Qxd5 Bxd5 23. a3 Kg7 24. f3 Kf6 25. Kf2 h5 26. h4 Be6 27. Ke3 Ke5 28. Bd3 Rxc1 29.
Rxc1 Rc8 30. f4+ Kd6 31. Rxc8 Bxc8 32. Kd4 Be6 33. g3 Bd5 34. Bb5 b6 35. f5 Ba2 36.
Bd3 gxf5 37. Be2 Be6 38. Bxh5 f4 39. gxf4 1-0

[Event "*** Titled Tuesday Blitz"]
[Site "Chess.com"]
[Date "2018.06.05"]
[Round "8"]
[White "Usurpov"]
[Black "twitchTriniCupid"]
[Result "1-0"]
[WhiteElo "2419"]
[BlackElo "2237"]
[TimeControl "180+2"]
[EndTime "14:52:55 PDT"]
[Termination "Usurpov won by resignation"]

1. e4 c6 2. d4 d5 3. Nc3 dxe4 4. Nxe4 Bf5 5. Ng3 Bg6 6. h4 h6 7. h5 Bh7 8. Nf3 Nd7 9. Bd3 Bxd3 10. Qxd3 e6 11.
Bd2 Ngf6 12. O-O-O a5 13. Ne4 a4 14. c4 a3 15. b3 Be7 16. Bc3 Nxe4 17. Qxe4 Nf6 18. Qe2 O-O 19. Ne5 Nd7 20. Nd3 b5 21. c5 Nf6 22. Ne5 Qd5 23. f3 Bd8 24. g4 Ba5 25.
Bxa5 Rxa5 26. f4 Ne4 27. Qf3 b4 28. Nc4 Nc3 29. Qxd5 cxd5 30. Nxa5 Nxa2+ 31. Kc2 Nc3 32. Nc6 1-0

[Event "*** Titled Tuesday Blitz"]
[Site "Chess.com"]
[Date "2018.06.05"]
[Round "8"]
[White "SCIM"]
[Black "olomi007"]
[Result "0-1"]
[WhiteElo "2415"]
[BlackElo "2639"]
[TimeControl "180+2"]
[EndTime "14:53:03 PDT"]
[Termination "olomi007 won by resignation"]

1. d4 Nf6 2. c4 g6 3. Nc3 d5 4. cxd5 Nxd5 5. e4 Nxc3 6. bxc3 Bg7 7. Qa4+ Nd7 8. Nf3 O-O 9. Bg5 c5 10. Be2 cxd4 11. cxd4 Nc5 12. Qd1 Nxe4 13. Be3 Qa5+ 14. Kf1 Rd8 15. Bd3 Bf5 16. h4 h5 17. Bxe4 Bxe4 18. Ng5 Bf5 19. Qb3 Qd5 20. Qa3 Bxd4 21. Rd1 Bc5 0-1

[Event "*** Titled Tuesday Blitz"]
[Site "Chess.com"]
[Date "2018.06.05"]
[Round "8"]
[White "amiralfio"]
[Black "ChessMavenYeti"]
[Result "0-1"]
[WhiteElo "2252"]
[BlackElo "2148"]
[TimeControl "180+2"]
[EndTime "14:53:04 PDT"]
[Termination "ChessMavenYeti won by resignation"]

1. b4 e5 2. Bb2 Bxb4 3. Bxe5 Nf6 4. Nf3 d5 5. g3 O-O 6. Bg2 Re8 7. O-O c6 8. c4 dxc4 9. Qc2 b5 10. a4 Nbd7 11.
Bb2 Bb7 12. Nd4 Qb6 13. Na3 a6 14. Rfb1 c5 15. Bxb7 Qxb7 16. Nf3 Rxe2 17. Qd1 Qxf3 0-1

[Event "*** Titled Tuesday Blitz"]
[Site "Chess.com"]
[Date "2018.06.05"]
[Round "8"]
[White "MateusViageiro"]
[Black "Terrordelcaribe94"]
[Result "0-1"]
[WhiteElo "2180"]
[BlackElo "2361"]
[TimeControl "180+2"]
[EndTime "14:53:06 PDT"]
[Termination "Terrordelcaribe94 won by resignation"]

1. e4 e6 2. d4 d5 3. Nd2 Nf6 4. e5 Nfd7 5. Bd3 c5 6. c3 Nc6 7.
Ne2 cxd4 8. cxd4 f6 9. exf6 Nxf6 10. O-O Bd6 11. Nf3 O-O 12. a3 a6 13. Re1 Nh5 14. Ng3 Nf4 15. Bc2 Bd7 16. Ne5 Bxe5 17. dxe5 Qh4 18.
Bxf4 Qxf4 19. Kh1 Qxf2 20. Rf1 Qc5 21. Rc1 Rxf1+ 22. Nxf1 Qe7 23. Qh5 g6 24. Qe2 Nd4 25. Qe3 Nxc2 26. Rxc2 Bc6 27. Nd2 Rf8 28. h3 Qh4 29.
Nf3 Qg3 30. Rd2 d4 31. Qf2 Rxf3 0-1

[Event "*** Titled Tuesday Blitz"]
[Site "Chess.com"]
[Date "2018.06.05"]
[Round "8"]
[White "goodtimes2020"]
[Black "ezkybel"]
[Result "1-0"]
[WhiteElo "2280"]
[BlackElo "2342"]
[TimeControl "180+2"]
[EndTime "14:53:11 PDT"]
[Termination "goodtimes2020 won by resignation"]

1. e4 e6 2. d4 d5 3. Nd2 Nf6 4. e5 Nfd7 5. Ngf3 c5 6. c3 Nc6 7.
Bd3 f6 8. exf6 Nxf6 9. O-O cxd4 10. cxd4 Bd6 11. Nb3 O-O 12. Bg5 Qc7 13. Bh4 Bd7 14. Bg3 Bxg3 15. hxg3 Be8 16. Qc2 Qb6 17. Qe2 Bh5 18. Qxe6+ Kh8 19. Ne5 Rae8 20. Qd6 Nxd4 21. Qxb6 axb6 22. Nxd4 Rxe5 23. Rfe1 Rfe8 24. Kf1 Ng4 25.
Rxe5 Rxe5 26. f3 Ne3+ 27. Kf2 Nc4 28. Rc1 Bf7 29. b3 Nd6 30. Rc7 Re8 31. Rd7 Ne4+ 32. fxe4 dxe4 33. Bc4 e3+ 34. Ke2 Bh5+ 35. Nf3 h6 36.
Rd3 Ra8 37. a4 b5 38. Bxb5 Rc8 39. Bc4 g5 40. Rxe3 g4 41. Nd4 Bg6 42. Re7 h5 43.
Ke3 Rf8 44. Rxb7 Re8+ 45. Kf4 Rd8 46. Ne6 1-0

[Event "*** Titled Tuesday Blitz"]
[Site "Chess.com"]
[Date "2018.06.05"]
[Round "8"]
[White "Jadeit90"]
[Black "DiamondCrusher22"]
[Result "0-1"]
[WhiteElo "2184"]
[BlackElo "2002"]
[TimeControl "180+2"]
[EndTime "14:53:16 PDT"]
[Termination "DiamondCrusher22 won by checkmate"]

1. g3 d5 2. Bg2 Nf6 3. c4 c6 4.
cxd5 cxd5 5. Nf3 Nc6 6. O-O Bg4 7. Qa4 Qd7 8. d3 e6 9. Nc3 Be7 10. Bg5 O-O 11. Bxf6 Bxf3 12. Bxe7 Bxg2 13. Bxf8 Bxf1 14.
Bxg7 Bxe2 15. Nxe2 Kxg7 16. Nf4 e5 17. Nh5+ Kg6 18.
Qh4 Nd4 19. Kg2 Qf5 20. g4 Qf3+ 21. Kg1 Ne2+ 22. Kf1 Nd4 23. Re1 Qh1# 0-1

[Event "*** Titled Tuesday Blitz"]
[Site "Chess.com"]
[Date "2018.06.05"]
[Round "8"]
[White "Hollywood_Chess"]
[Black "leclash"]
[Result "1-0"]
[WhiteElo "2221"]
[BlackElo "2287"]
[TimeControl "180+2"]
[EndTime "14:53:18 PDT"]
[Termination "Hollywood_Chess won by resignation"]

1. c4 e6 2. g3 d5 3. Bg2 Nf6 4.
Nf3 c6 5. b3 Nbd7 6. O-O Bd6 7.
Bb2 O-O 8. d4 Re8 9. Nc3 Qe7 10.
Re1 dxc4 11. bxc4 e5 12. d5 e4 13. dxc6 Nb6 14. cxb7 Bxb7 15. Nd4 Nxc4 16. Nf5 Qe6 17. Nxd6 Nxd6 18. Qb3 Rab8 19. Qxe6 Rxe6 20. Ba3 Nc4 21. Bc5 Ra8 22. e3 h5 23. Bd4 Nd2 24. Na4 Bd5 25. Nc5 Rc6 26. Red1 Nf3+ 27. Bxf3 exf3 28.
Bxf6 gxf6 29. Rxd5 1-0

[Event "*** Titled Tuesday Blitz"]
[Site "Chess.com"]
[Date "2018.06.05"]
[Round "8"]
[White "AndrewDGreen"]
[Black "tteshan"]
[Result "0-1"]
[WhiteElo "2166"]
[BlackElo "1995"]
[TimeControl "180+2"]
[EndTime "14:53:26 PDT"]
[Termination "tteshan won by resignation"]

1. d4 d5 2. Bf4 Nf6 3. e3 e6 4. Nd2 Bd6 5. Bg3 O-O 6. Bd3 c5 7. c3 Nc6 8. Ngf3 b6 9. Ne5 Bb7 10. f4 Bxe5 11. fxe5 Nd7 12. Qg4 Re8 13. Bh4 Qc7 14. O-O Ne7 15. Bxh7+ Kxh7 16. Qh5+ Kg8 17. Qxf7+ Kh8 18. Bxe7 Nxe5 19. Rf4 Nxf7 0-1

[Event "*** Titled Tuesday Blitz"]
[Site "Chess.com"]
[Date "2018.06.05"]
[Round "8"]
[White "orrbaverlekszarnyon"]
[Black "AsaHoffmann"]
[Result "1-0"]
[WhiteElo "2251"]
[BlackElo "2038"]
[TimeControl "180+2"]
[EndTime "14:53:27 PDT"]
[Termination "orrbaverlekszarnyon won by resignation"]

1. e4 d6 2. d4 Nf6 3. Nc3 c6 4.
Bg5 Nbd7 5. Qd2 b5 6. f3 Qa5 7.
Bd3 e5 8. Nge2 Be7 9. Bxf6 Bxf6 10. d5 cxd5 11. Nxd5 Qxd2+ 12. Kxd2 O-O 13. Bxb5 Nc5 14. Nxf6+ gxf6 15. b3 Be6 16. Nc3 Rfd8 17. Nd5 Bxd5 18. exd5 f5 19. Be2 a5 20. Bb5 Rab8 21. c4 Kg7 22. Kc3 Kf6 23. a3 f4 24. b4 Nb7 25.
Rab1 Rdc8 26. Ba6 Rc7 27. Bxb7 Rcxb7 28. b5 Rb6 29. a4 Rc8 30. Kd3 Kg5 31. h4+ Kf6 32.
Rbc1 Rg8 33. Rhg1 Ke7 34. c5 dxc5 35. Rxc5 f5 36. Rc6 Rb7 37. Re6+ Kd7 38. Rxe5 Rf8 39. Rc1 Kd6 40. Kd4 Rb6 41. Re6+ Kd7 42. Rxb6 1-0

[Event "*** Titled Tuesday Blitz"]
[Site "Chess.com"]
[Date "2018.06.05"]
[Round "8"]
[White "littleplotkin"]
[Black "NMJeevanK"]
[Result "1-0"]
[WhiteElo "2460"]
[BlackElo "2321"]
[TimeControl "180+2"]
[EndTime "14:53:30 PDT"]
[Termination "littleplotkin won by resignation"]

1. e4 e5 2. Nf3 Nc6 3. d4 exd4 4.
Nxd4 Bc5 5. Nxc6 Qf6 6. f4 dxc6 7. Nc3 Ne7 8. Bd3 h5 9. Qf3 Bg4 10. Qg3 O-O-O 11. Be3 Bb4 12. O-O Kb8 13. a3 Bxc3 14.
bxc3 Qxc3 15. Rab1 b6 16. a4 Qa5 17. Qf2 f5 18. Bd2 Qxa4 19. Ra1 Qd4 20. Be3 Qc3 21.
e5 h4 22. h3 Bh5 23. Ra6 Kb7 24. Rfa1 Ra8 25. Bd4 Qb4 26. R6a4 Qxa4 27. Rxa4 c5 28. Bxc5 bxc5 29. Qxc5 Nc8 30. Ba6+ Kb8 31. Qc6 Bf3 32. gxf3 1-0

[Event "*** Titled Tuesday Blitz"]
[Site "Chess.com"]
[Date "2018.06.05"]
[Round "8"]
[White "VitaliyBernadskiy"]
[Black "saraswathii"]
[Result "1-0"]
[WhiteElo "2650"]
[BlackElo "2303"]
[TimeControl "180+2"]
[EndTime "14:53:45 PDT"]
[Termination "VitaliyBernadskiy won by resignation"]

1. e4 c5 2. Nc3 e6 3. g3 d5 4.
exd5 exd5 5. Bg2 Nf6 6. Nge2 d4 7. Ne4 Nxe4 8. Bxe4 Nc6 9. O-O Bd6 10. d3 Bh3 11. Re1 O-O 12. Nf4 Bxf4 13. Bxf4 Qd7 14. Qh5 h6 15. Qxc5 Rac8 16. a3 a6 17. Qd6 Qg4 18.
f3 Qh5 19. g4 Qb5 20. b4 Na7 21. a4 Qe8 22. Bxb7 Qd8 23. Qxd8 Rcxd8 24. Kf2 f5 25. g5 hxg5 26. Bxg5 Rd7 27. Bxa6 f4 28. Bc4+ Kh7 29. Re7 Rxe7 30. Bxe7 Re8 31. Bc5 1-0

[Event "*** Titled Tuesday Blitz"]
[Site "Chess.com"]
[Date "2018.06.05"]
[Round "8"]
[White "AndreyOstrovskiy"]
[Black "asms9699"]
[Result "0-1"]
[WhiteElo "2660"]
[BlackElo "2479"]
[TimeControl "180+2"]
[EndTime "14:54:01 PDT"]
[Termination "asms9699 won by resignation"]

1. e4 e6 2. d4 d5 3. Nc3 Nf6 4. e5 Nfd7 5. f4 c5 6. Nf3 Nc6 7. Be3 a6 8. Qd2 b5 9. dxc5 Bxc5 10. Ne2 Qb6 11. Ned4 Bb7 12. Be2 b4 13. O-O g6 14.
Kh1 a5 15. Bf2 Ba6 16. Bxa6 Qxa6 17. Rad1 Qb6 18. c3 bxc3 19. bxc3 O-O 20. Rb1 Qa6 21.
Nb5 Rab8 22. a4 Na7 23. c4 Bxf2 24. Qxf2 Nc6 25. Qh4 dxc4 26. Ng5 h5 27. Ne4 Nb4 28. Qe7 Qc6 29. Nbd6 Nd5 30. Rbd1 Nxe7 0-1

[Event "*** Titled Tuesday Blitz"]
[Site "Chess.com"]
[Date "2018.06.05"]
[Round "8"]
[White "Gareth-Bale11"]
[Black "Margency"]
[Result "1-0"]
[WhiteElo "2459"]
[BlackElo "2581"]
[TimeControl "180+2"]
[EndTime "14:54:03 PDT"]
[Termination "Gareth-Bale11 won by resignation"]

1. c4 Nf6 2. Nf3 g6 3. Nc3 Bg7 4. e4 d6 5. d4 O-O 6. Be2 e5 7. O-O Nc6 8. Be3 Ng4 9. Bg5 f6 10. Bh4 g5 11. Bg3 Nh6 12. dxe5 dxe5 13. Qe1 g4 14.
Rd1 Qe7 15. Nh4 Nd4 16. f3 gxf3 17. Nxf3 Ng4 18. Nd5 Qd8 19. Nxd4 exd4 20. Nxc7 Ne3 21. Nxa8 f5 22. e5 f4 23. Rxf4 Rxf4 24. Bxf4 Nxd1 25.
Qxd1 Be6 26. Bf3 Qxa8 27. Qxd4 Qc8 28. Bd5 Bxd5 29. Qxd5+ Kh8 30. e6 Qf8 31. Be5 Qb4 32. Qd8+ 1-0

[Event "*** Titled Tuesday Blitz"]
[Site "Chess.com"]
[Date "2018.06.05"]
[Round "8"]
[White "Godzillator"]
[Black "BartoszSocko"]
[Result "0-1"]
[WhiteElo "2264"]
[BlackElo "2638"]
[TimeControl "180+2"]
[EndTime "14:54:05 PDT"]
[Termination "BartoszSocko won by resignation"]

1. d4 Nf6 2. c4 e6 3. Nc3 Bb4 4.
Qc2 O-O 5. a3 Bxc3+ 6. Qxc3 d6 7. Bg5 Nbd7 8. e3 b6 9. Bd3 Bb7 10. f3 c5 11. Nh3 Rc8 12. Qb3 cxd4 13. exd4 e5 14. O-O exd4 15. Bf5 Rc5 16. Qd3 Ne5 17. Qb1 h6 18. Bh4 Nxc4 19. Rd1 Ne3 20. Bd3 Rh5 21. Bxf6 Qxf6 22. Rd2 Rxh3 23. gxh3 Qg5+ 24. Kf2 Qg2+ 25. Ke1 Qh1+ 26. Kf2 Qxh2+ 27. Ke1 Qh1+ 28. Kf2 Qxf3+ 29.
Ke1 Qh1+ 30. Kf2 Qh2+ 31. Ke1 Qg3+ 32. Rf2 Re8 0-1

[Event "*** Titled Tuesday Blitz"]
[Site "Chess.com"]
[Date "2018.06.05"]
[Round "8"]
[White "Doraemon7"]
[Black "vovachesss"]
[Result "0-1"]
[WhiteElo "2411"]
[BlackElo "2406"]
[TimeControl "180+2"]
[EndTime "14:54:06 PDT"]
[Termination "vovachesss won by resignation"]

1. d4 e5 2. dxe5 Nc6 3. Nf3 Nge7 4. e4 Ng6 5. Be2 Ngxe5 6. Nxe5 Nxe5 7. f4 Nc6 8. Be3 Qh4+ 9. g3 Qe7 10. Nc3 g6 11.
e5 Bg7 12. Qd2 O-O 13. Ne4 d6 14. O-O-O dxe5 15. Bc5 Qe6 16. Bxf8 Qxa2 17. Qd5 Qxd5 18. Rxd5 Kxf8 19. fxe5 Bxe5 20. Bb5 Bf5 21. Bxc6 Bxe4 22. Rxe5 Bxc6 23. Rf1 Rd8 24. b3 Rd6 25. Rf2 f5 26. g4 Bd7 27. h4 Kf7 28. h5 Kf6 29. hxg6 Kxe5 0-1

[Event "*** Titled Tuesday Blitz"]
[Site "Chess.com"]
[Date "2018.06.05"]
[Round "8"]
[White "Patzel09"]
[Black "VNeimer"]
[Result "1-0"]
[WhiteElo "2606"]
[BlackElo "2476"]
[TimeControl "180+2"]
[EndTime "14:54:07 PDT"]
[Termination "Patzel09 won by resignation"]

1. e4 c5 2. Nc3 Nc6 3. Bb5 g6 4. Nf3 Bg7 5. O-O e5 6. d3 Nge7 7. a3 O-O 8. Rb1 a6 9. Bc4 b5 10. Ba2 b4 11. Nd5 a5 12. Bg5 d6 13. Qd2 Be6 14. Bc4 Kh8 15. axb4 axb4 16. Nxe7 Nxe7 17. Bxe6 fxe6 18. c3 Rb8 19. d4 bxc3 20. bxc3 exd4 21. Rxb8 Qxb8 22. Bxe7 dxc3 23. Qxd6 Qxd6 24. Bxd6 Rd8 25. Ng5 Kg8 26. e5 c2 27. f4 Bf8 28. Ne4 Bxd6 29. exd6 Rb8 30. d7 Kf7 31. Rc1 Rb1 32. d8=Q Rxc1+ 33. Kf2 Rf1+ 34. Kg3 c1=Q 35. Ng5+ Kg7 36. Qe7+ 1-0

[Event "*** Titled Tuesday Blitz"]
[Site "Chess.com"]
[Date "2018.06.05"]
[Round "8"]
[White "Aleksandr_Kholin"]
[Black "Slovak_fighter2000"]
[Result "1-0"]
[WhiteElo "2437"]
[BlackElo "2388"]
[TimeControl "180+2"]
[EndTime "14:54:15 PDT"]
[Termination "Aleksandr_Kholin won by resignation"]

1. d4 Nf6 2. c4 e6 3. Nc3 d5 4. Nf3 c5 5. cxd5 Nxd5 6. e4 Nxc3 7.
bxc3 cxd4 8. cxd4 Bb4+ 9. Bd2 Bxd2+ 10. Qxd2 O-O 11. Bc4 Nd7 12. O-O b6 13. Rfe1 Bb7 14. Rad1 Nf6 15. Qf4 h6 16. h4 Rc8 17. Bb3 Nh5 18. Qg4 Nf6 19. Qf4 Nh5 20. Qh2 Qf6 21.
Ne5 Rfd8 22. Re3 Qf4 23. g3 Qf6 24. Rf3 Qe7 25. Rxf7 Qxf7 26. Nxf7 Kxf7 27. g4 Nf6 28. f3 Rc3 29. Qf4 Ke7 30. Rc1 Rxc1+ 31. Qxc1 Rxd4 32.
Qa3+ Kd8 33. Qxa7 Kc7 34. Bxe6 Rd3 35. Kf2 Rc3 36. Qa4 Bc6 37. Qb4 Rc2+ 38. Kg3 Bd7 39. Qe7 Rc3 40. Bxd7 Nxd7 41. Qxg7 Rb3 1-0

[Event "*** Titled Tuesday Blitz"]
[Site "Chess.com"]
[Date "2018.06.05"]
[Round "8"]
[White "krzysztofszczurek"]
[Black "PawnEatingZombie"]
[Result "1-0"]
[WhiteElo "2208"]
[BlackElo "2027"]
[TimeControl "180+2"]
[EndTime "14:54:22 PDT"]
[Termination "krzysztofszczurek won by resignation"]

1. e4 c5 2. c3 d5 3. exd5 Nf6 4. d4 cxd4 5. Qxd4 Qxd5 6. Nf3 Nc6 7. Qxd5 Nxd5 8.
Bb5 Bd7 9. O-O e6 10. Nbd2 Be7 11. Nb3 h6 12. Rd1 O-O-O 13. Bd2 a6 14. Bf1 Bd6 15.
a3 Kb8 16. c4 Nf6 17. Bc3 Bc7 18. Nbd2 Bc8 19. b4 Rhe8 20. g3 e5 21. b5 Nd4 22.
bxa6 bxa6 23. Rab1+ Ka7 24. Bb4 Bf5 25. Bc5+ Ka8 26.
Nxd4 exd4 27. Bg2+ Ne4 28. Re1 Ba5 29. Nxe4 Bxe1 30. Nd6+ Be4 31. Nxe4 1-0

[Event "*** Titled Tuesday Blitz"]
[Site "Chess.com"]
[Date "2018.06.05"]
[Round "8"]
[White "Fandorine"]
[Black "BillieKimbah"]
[Result "0-1"]
[WhiteElo "2740"]
[BlackElo "2792"]
[TimeControl "180+2"]
[EndTime "14:54:34 PDT"]
[Termination "BillieKimbah won by resignation"]

1. e4 c5 2. Nf3 e6 3. d4 cxd4 4. Nxd4 Nc6 5. Nc3 Qc7 6. Be3 a6 7. Qd2 Nf6 8. f3 Bb4 9. a3 Be7 10. O-O-O b5 11. g4 O-O 12. h4 Rb8 13. h5 b4 14. axb4 Bxb4 15. h6 g6 16. Nxc6 dxc6 17. Bd4 e5 18. Qg5 Nd7 19. Bf2 Re8 20. Bc4 Be7 21.
Qe3 Nc5 22. Bh4 Qb6 23. Kd2 Bxh4 24. Rxh4 Qd8+ 25. Kc1 Qxh4 26. Qxc5 Qxh6+ 27. Kb1 Be6 28. Bxa6 Qf8 29. Qxf8+ Kxf8 30. Na4 Red8 31. Rh1 Kg7 32. Kc1 Ra8 33. Nc5 Rxa6 34. Nxa6 Ra8 0-1

[Event "*** Titled Tuesday Blitz"]
[Site "Chess.com"]
[Date "2018.06.05"]
[Round "8"]
[White "TigranLPetrosyan"]
[Black "carlesdc96"]
[Result "1-0"]
[WhiteElo "2817"]
[BlackElo "2585"]
[TimeControl "180+2"]
[EndTime "14:54:37 PDT"]
[Termination "TigranLPetrosyan won by resignation"]

1. Nf3 Nf6 2. g3 b6 3. Bg2 Bb7 4. O-O c5 5. d3 d6 6. e4 Nbd7 7. Nh4 Qc7 8. f4 e6 9. f5 Be7 10. fxe6 fxe6 11. Nf3 h6 12. a4 g5 13. Nc3 a6 14. e5 Nxe5 15. Nxe5 dxe5 16. Bxb7 Qxb7 17.
Qe2 e4 18. Nxe4 Nxe4 19. Qh5+ Kd8 20. dxe4 Qxe4 21. Bd2 Kc7 22. Rae1 Qd4+ 23. Be3 Qd7 24. a5 Raf8 25. axb6+ Kxb6 26. b4 Qd5 27. Rf7 Bd6 28. Rd1 Qe5 29. Rxd6+ Kb5 30. Qe2+ c4 31. Rb6+ Ka4 32. Rxa6+ 1-0

[Event "*** Titled Tuesday Blitz"]
[Site "Chess.com"]
[Date "2018.06.05"]
[Round "8"]
[White "Rish_97"]
[Black "Kubas1010"]
[Result "0-1"]
[WhiteElo "2295"]
[BlackElo "2387"]
[TimeControl "180+2"]
[EndTime "14:54:37 PDT"]
[Termination "Kubas1010 won by resignation"]

1. d4 d5 2. c4 e6 3. Nf3 Nf6 4.
g3 Be7 5. Bg2 O-O 6. O-O dxc4 7.
Qc2 c6 8. Qxc4 b5 9. Qc2 Bb7 10. Rd1 Nbd7 11. Ne5 Nxe5 12. dxe5 Nd5 13. e4 Nb4 14.
Qe2 Qc7 15. a3 Na6 16. Bf4 Rad8 17. Nc3 Nc5 18. Be3 Nb3 19. Rxd8 Rxd8 20. Rd1 a6 21. f4 c5 22. Rxd8+ Qxd8 23. Qd1 Qxd1+ 24. Nxd1 Kf8 25.
Kf2 Ke8 26. Ke2 Kd7 27. Nf2 c4 28. h4 a5 29. Kd1 b4 30. axb4 axb4 31. g4 Bxh4 32.
g5 Kc6 33. Ng4 Kb5 34. Ke2 Nc5 35. Bxc5 Kxc5 36. Kf3 c3 37. bxc3 b3 38. Ke3 b2 0-1

[Event "*** Titled Tuesday Blitz"]
[Site "Chess.com"]
[Date "2018.06.05"]
[Round "8"]
[White "djano"]
[Black "gemarin"]
[Result "1-0"]
[WhiteElo "2362"]
[BlackElo "1813"]
[TimeControl "180+2"]
[EndTime "14:54:37 PDT"]
[Termination "djano won by resignation"]

1. d4 d5 2. c4 c6 3. cxd5 cxd5 4. Bf4 Nc6 5. Nc3 e6 6. e3 Bd6 7. Bg3 Nf6 8. Bd3 O-O 9. Nf3 Re8 10. Ne5 Bb8 11. Rc1 Qa5 12. O-O Ne7 13. Qf3 Qb6 14. Rc2 Ng6 15. h4 Nxe5 16. dxe5 Nd7 17. Qh5 Nf8 18.
Nb5 Bd7 19. Nd6 Bxd6 20. exd6 Rac8 21. Rfc1 Ng6 22. Rc7 Rxc7 23. Rxc7 Bb5 24. Bxg6 hxg6 25. Qf3 Rf8 26. h5 gxh5 27. Qxh5 a5 28. Be5 Bd3 29. Qg5 Bg6 30. Qe7 Qb5 31. Qxf8+ Kxf8 32. Rc8+ Qe8 33. d7 f6 34. Bd6+ 1-0

[Event "*** Titled Tuesday Blitz"]
[Site "Chess.com"]
[Date "2018.06.05"]
[Round "8"]
[White "nitpicker"]
[Black "TomPolgar"]
[Result "0-1"]
[WhiteElo "2038"]
[BlackElo "2228"]
[TimeControl "180+2"]
[EndTime "14:54:47 PDT"]
[Termination "TomPolgar won by resignation"]

1. d4 Nf6 2. c4 g6 3. Nc3 Bg7 4. e4 d6 5. Be2 O-O 6. Nf3 e5 7.
O-O Nc6 8. d5 Ne7 9. b4 Nh5 10.
g3 f5 11. Ng5 Nf6 12. Bf3 fxe4 13. Ncxe4 Nxe4 14. Bxe4 a5 15. b5 Nf5 16. Ne6 Bxe6 17. dxe6 Rb8 18. Bxb7 Nd4 19. Bd5 Qe7 20. Qg4 Rf5 21.
Be3 Nxe6 22. Ba7 Rbf8 23. Rab1 Kh8 24. b6 cxb6 25. Bxb6 h5 26. Qe4 Ng5 27. Qe2 e4 28. Bxa5 Bd4 29. Qd2 Nf3+ 0-1